 Dungeon Crawl Stone Soup version 0.30-a0-424-g7412bad402 (webtiles) character file.

Game seed: 16225956132944135363

2242849 cforsyth the Apostle (level 26, 263/263 (266) HPs)
             Began as a Hill Orc Monk on Dec 9, 2022.
             Was a High Priest of Beogh.
             Escaped with the Orb
             ... and 4 runes!
             The game lasted 04:47:53 (71847 turns).

cforsyth the Apostle (Hill Orc Monk)               Turns: 71847, Time: 04:47:53

HP:   263/263 (266) AC: 56    Str: 21 (26) XL:     26   Next: 93%
MP:   36/36         EV: 12    Int:  7 (10) God:    Beogh [*****.]
Gold: 6205          SH: 18    Dex:  9 (13) Spells: 25/25 levels left

rFire   + + .      SeeInvis +    H - +10 broad axe of Lojuam {venom, rElec}
rCold   + + .      Faith    .    D - +5 kite shield {rC+ rF+}
rNeg    . . .      Spirit   .    p - +12 gold dragon scales
rPois   +          Reflect  .    k - +2 helmet
rElec   +          Harm     .    d - +4 dragonskin cloak
rCorr   .          Rampage  .    R - +2 pair of gloves
Will    +++..                    q - +2 pair of boots
Stlth   ..........               t - amulet of regeneration
HPRegen 0.00/turn                v - ring of Jogoaw {Will+ EV+4}
MPRegen 0.25/turn                M - ring of see invisible

@: inhibited regen, studying Spellcasting, lightly drained
A: walk on water, deterioration 1, low MP 1, strong-willed 1, sense surroundings
1, inhibited regeneration
0: Orb of Zot
}: 4/15 runes: serpentine, barnacled, slimy, silver
a: Renounce Religion, Smiting, Recall Orcish Followers, Give Item to Named
Follower


You escaped.
You worshipped Beogh.
Beogh was extremely pleased with you.
You visited 9 branches of the dungeon, and saw 49 of its levels.
You visited the Abyss 2 times.
You also visited: Trove, Sewer, Bailey, Gauntlet, Ice Cave and Desolation.

You collected 7499 gold pieces.
You spent 1294 gold pieces at shops.

Inventory:

Hand Weapons
 b - the +7 great mace "Undeadhunter" {disrupt, rN+}
   (You found it on level 3 of the Depths)

   It inflicts significantly more damage against the undead.
   rN:        It protects you from negative energy.
 H - the +10 broad axe of Lojuam (weapon) {venom, rElec}
   (You found it on level 1 of the Depths)

   It poisons the flesh of those it strikes.
   rElec:     It insulates you from electricity.
 X - the +8 glaive of the Antique God {flame, rElec Int+4}
   (You found it on level 5 of the Pits of Slime)

   It burns those it strikes, dealing additional fire damage.
   Big, fiery blades are also staple armaments of hydra-hunters.
   Int:       It affects your intelligence (+4).
   rElec:     It insulates you from electricity.
Armour
 d - the +4 dragonskin cloak (worn)
   (You took it off Tiamat on level 2 of the Realm of Zot)

   It grants the wearer a chance to resist fire, cold, poison, electricity,
   acid, and negative energy.
 k - a +2 helmet (worn)
 p - +12 gold dragon scales (worn)
 q - a +2 pair of boots (worn)
 D - a +5 kite shield of resistance (worn)
 R - a +2 pair of gloves (worn)
Jewellery
 h - a ring of positive energy
 s - the amulet of Brilliance {Spirit rElec Str+3}
   (You found it in an ice cave)

   [amulet of guardian spirit]

   It causes incoming damage to be divided between your reserves of health and
   magic.
   Str:       It affects your strength (+3).
   rElec:     It insulates you from electricity.
 t - an amulet of regeneration (around neck)
 v - the ring of Jogoaw (left hand) {Will+ EV+4}
   (You found it on level 4 of the Shoals)

   [ring of evasion]

   EV:        It affects your evasion (+4).
   Will:      It increases your willpower.
 B - the amulet "Coyxoova" {Acrobat rElec rC- Str+2 Int+4}
   (You found it on level 4 of the Dungeon)

   [amulet of the acrobat]

   It increases your evasion while moving and waiting.
   Str:       It affects your strength (+2).
   Int:       It affects your intelligence (+4).
   rC:        It makes you vulnerable to cold.
   rElec:     It insulates you from electricity.
 F - a ring of flight
 I - the ring of Awnay {rCorr EV+4}
   (You found it on level 1 of the Snake Pit)

   [ring of evasion]

   EV:        It affects your evasion (+4).
   rCorr:     It protects you from acid and corrosion.
 K - a +6 ring of intelligence
 M - a ring of see invisible (right hand)
 N - the amulet of Hosi {Acrobat rF+ rN+ Int+4}
   (You found it on level 4 of the Realm of Zot)

   [amulet of the acrobat]

   It increases your evasion while moving and waiting.
   Int:       It affects your intelligence (+4).
   rF:        It protects you from fire.
   rN:        It protects you from negative energy.
Wands
 f - a wand of mindburst (23)
 A - a wand of roots (47)
 J - a wand of charming (29)
 P - a wand of digging (21)
Scrolls
 a - 12 scrolls of vulnerability
 e - 5 scrolls of teleportation
 i - 7 scrolls of poison
 w - 3 scrolls of blinking
 x - 2 scrolls of enchant armour
 y - 12 scrolls of fog
 E - 7 scrolls of fear
 G - 6 scrolls of silence
 L - 3 scrolls of summoning
 O - 14 scrolls of amnesia
 Q - 4 scrolls of enchant weapon
 T - 2 scrolls of brand weapon
 U - 2 scrolls of magic mapping
 W - 2 scrolls of immolation
 Z - 3 scrolls of torment
Potions
 c - 17 potions of invisibility
 g - 8 potions of haste
 j - a potion of resistance
 l - 10 potions of cancellation
 m - 11 potions of attraction
 n - 9 potions of magic
 o - 3 potions of berserk rage
 r - 28 potions of curing
 u - 7 potions of flight
 z - 11 potions of heal wounds
 C - 4 potions of might
 S - 23 potions of mutation
 V - 3 potions of ambrosia
 Y - 9 potions of lignification


   Skills:
 O Level 27 Fighting
 O Level 27 Axes
 + Level 25.7 Armour
 + Level 7.5 Dodging
 - Level 1.5 Stealth
 + Level 17.7 Shields
 O Level 27 Invocations


You had 25 spell levels left.
You didn't know any spells.
Your spell library contained the following spells:

 Spells                   Type           Power      Damage    Failure   Level
 Apportation              Tloc           0%         N/A       100%        1
 Foxfire                  Conj/Fire      0%         2x1d4     100%        1
 Freeze                   Ice            0%         1d3       100%        1
 Kiss of Death            Conj/Necr      0%         2d5       100%        1
 Magic Dart               Conj           0%         1d3       100%        1
 Necrotise                Necr           0%         1d4       100%        1
 Sandblast                Erth           0%         2d4       100%        1
 Shock                    Conj/Air       0%         1d3       100%        1
 Slow                     Hex            0%         N/A       100%        1
 Sting                    Tmut/Pois      0%         1d3       100%        1
 Summon Small Mammal      Summ           0%         N/A       100%        1
 Blink                    Tloc           0%         N/A       100%        2
 Call Imp                 Summ           0%         N/A       100%        2
 Ensorcelled Hibernation  Hex/Ice        0%         N/A       100%        2
 Momentum Strike          Conj/Tloc      0%         3d8       100%        2
 Passwall                 Tmut/Erth      0%         N/A       100%        2
 Poisonous Vapours        Pois/Air       0%         N/A       100%        2
 Scorch                   Fire           0%         2d5       100%        2
 Sublimation of Blood     Necr           0%         N/A       100%        2
 Wereblood                Tmut           0%         N/A       100%        2
 Confusing Touch          Hex            0%         N/A       100%        3
 Dazzling Flash           Conj/Hex       0%         N/A       100%        3
 Frozen Ramparts          Ice            0%         1d1       100%        3
 Gell's Gravitas          Tloc           0%         N/A       100%        3
 Hailstorm                Conj/Ice       0%         3d3       100%        3
 Ignite Poison            Fire/Tmut/Pois 0%         N/A       100%        3
 Inner Flame              Hex/Fire       0%         N/A       100%        3
 Kindle Blastsparks       Fire/Tloc/Air  0%         2d10      100%        3
 Lesser Beckoning         Tloc           0%         N/A       100%        3
 Mephitic Cloud           Conj/Pois/Air  0%         N/A       100%        3
 Portal Projectile        Hex/Tloc       0%         N/A       100%        3
 Spider Form              Tmut/Pois      0%         N/A       100%        3
 Stone Arrow              Conj/Erth      0%         3d7       100%        3
 Summon Guardian Golem    Hex/Summ       0%         N/A       100%        3
 Swiftness                Air            0%         N/A       100%        3
 Teleport Other           Tloc           0%         N/A       100%        3
 Tukima's Dance           Hex            0%         N/A       100%        3
 Vampiric Draining        Necr           0%         2d6       100%        3
 Airstrike                Air            0%         2d(0-16)  100%        4
 Anguish                  Hex/Necr       0%         N/A       100%        4
 Animate Armour           Summ/Erth      0%         N/A       100%        4
 Animate Dead             Necr           0%         N/A       100%        4
 Cause Fear               Hex            0%         N/A       100%        4
 Dispel Undead            Necr           0%         3d6       100%        4
 Flame Wave               Conj/Fire      0%         2d4       100%        4
 Fulminant Prism          Conj/Hex       0%         3d5       100%        4
 Ice Form                 Ice/Tmut       0%         N/A       100%        4
 Iskenderun's Mystic Bla  Conj/Tloc      0%         2d3       100%        4
 Leda's Liquefaction      Hex/Erth       0%         N/A       100%        4
 Manifold Assault         Tloc           0%         N/A       100%        4
 Olgreb's Toxic Radiance  Pois           0%         N/A       100%        4
 Passage of Golubria      Tloc           0%         N/A       100%        4
 Petrify                  Tmut/Erth      0%         N/A       100%        4
 Sticky Flame             Conj/Fire      0%         2d3       100%        4
 Summon Ice Beast         Ice/Summ       0%         N/A       100%        4
 Summon Lightning Spire   Summ/Air       0%         N/A       100%        4
 Agony                    Necr           0%         N/A       100%        5
 Alistair's Intoxication  Tmut/Pois      0%         N/A       100%        5
 Blade Hands              Tmut           0%         N/A       100%        5
 Fireball                 Conj/Fire      0%         3d3       100%        5
 Freezing Cloud           Conj/Ice/Air   0%         6-21      100%        5
 Irradiate                Conj/Tmut      0%         3d11      100%        5
 Iskenderun's Battlesphe  Conj           0%         2d6       100%        5
 Lee's Rapid Deconstruct  Erth           0%         3d4*      100%        5
 Lightning Bolt           Conj/Air       0%         1d11      100%        5
 Metabolic Englaciation   Hex/Ice        0%         N/A       100%        5
 Silence                  Hex/Air        0%         N/A       100%        5
 Summon Forest            Summ/Tloc      0%         N/A       100%        5
 Summon Mana Viper        Hex/Summ       0%         N/A       100%        5
 Yara's Violent Unravell  Hex/Tmut       0%         3d3       100%        5
 Conjure Ball Lightning   Conj/Air       0%         3x3d6     100%        6
 Dispersal                Tloc           0%         N/A       100%        6
 Eringya's Noxious Bog    Tmut/Pois      0%         N/A       100%        6
 Iron Shot                Conj/Erth      0%         9d1       100%        6
 Simulacrum               Ice/Necr       0%         N/A       100%        6
 Starburst                Conj/Fire      0%         6d3       100%        6
 Statue Form              Tmut/Erth      0%         N/A       100%        6
 Summon Cactus Giant      Summ           0%         N/A       100%        6
 Dragon Form              Tmut           0%         N/A       100%        7
 Enfeeble                 Hex            0%         N/A       100%        7
 Haunt                    Necr/Summ      0%         N/A       100%        7
 Monstrous Menagerie      Summ           0%         N/A       100%        7
 Orb of Destruction       Conj           0%         9d5       100%        7
 Spellforged Servitor     Conj/Summ      0%         N/A       100%        7
 Storm Form               Tmut/Air       0%         N/A       100%        7
 Summon Hydra             Summ           0%         N/A       100%        7
 Discord                  Hex            0%         N/A       100%        8
 Disjunction              Tloc           0%         N/A       100%        8
 Ignition                 Fire           0%         3d3       100%        8
 Infestation              Necr           0%         N/A       100%        8
 Lehudib's Crystal Spear  Conj/Erth      0%         10d2      100%        8
 Maxwell's Capacitive Co  Air            0%         ∞         100%        8
 Chain Lightning          Conj/Air       0%         N/A       100%        9
 Death's Door             Necr           0%         N/A       100%        9
 Fire Storm               Conj/Fire      0%         5d1       100%        9
 Polar Vortex             Ice            0%         N/A       100%        9
 Shatter                  Erth           0%         3d5*      100%        9


Dungeon Overview and Level Annotations

Branches:
Dungeon (15/15)            Temple (0/1) D:7            Lair (5/5) D:10
 Shoals (4/4) Lair:2        Snake (4/4) Lair:3        Slime (5/5) Lair:4
    Orc (2/2) D:9             Elf (0/3) Orc:2        Vaults (5/5) D:13
  Crypt (0/3) Vaults:2     Depths (4/4) D:15            Zot (5/5) Depths:4
  Sewer (visited)          Bailey (visited)           IceCv (visited)
Desolation (visited)      Gauntlet (visited)

Altars:
Dithmenos
Elyvilon
Gozag
Okawaru
Sif Muna
Uskayaw
Xom
Zin
The Shining One
Jiyva

Shops:
D:5 *=   Orc:2 *=(=[   Shoals:1 [   Shoals:2 :   Shoals:3 (   Snake:4 ?
Vaults:2 *   Vaults:4 (

Portals:
Hell: Depths:1 Depths:2 Depths:3 Depths:4
Abyss: Depths:3
Pandemonium: Depths:2 Depths:3
Ziggurat: Depths:4


Innate Abilities, Weirdness & Mutations

You can walk on water.
Your body sometimes deteriorates upon taking damage.
Your magical capacity is low. (-10% MP)
You are strong-willed. (Will+)
You passively map a small area around you.
You do not regenerate when monsters are visible.


Message History

Where to? (Enter - D:4, ? - help) HP restored.
A neqoxec comes into view.
There is a shimmering altar of Xom here.
The neqoxec gestures at you.
You feel dopey. Something feeds on your intellect!
A Qelauqer and a lich come into view.
There is a stone staircase leading up here.
The lich shouts!
You climb upwards.
There is a stone staircase leading down here.
(D) Dungeon (T) Temple (L) Lair (A) Shoals (P) Snake Pit (M) Slime Pits (O) Orcish Mines (E) Elven Halls (V) Vaults (C) Crypt (U) Depths (H) Hell (Z) Zot
Where to? (Enter - D:3, ? - help)
You see here a +0 club.
There is a stone staircase leading up here.
You climb upwards.
There is a stone staircase leading down, spattered with blood here.
(D) Dungeon (T) Temple (L) Lair (A) Shoals (P) Snake Pit (M) Slime Pits (O) Orcish Mines (E) Elven Halls (V) Vaults (C) Crypt (U) Depths (H) Hell (Z) Zot
Where to? (Enter - D:2, ? - help)
There is an open door here.
There is a stone staircase leading up here.
You climb upwards.
There is a stone staircase leading down here.
(D) Dungeon (T) Temple (L) Lair (A) Shoals (P) Snake Pit (M) Slime Pits (O) Orcish Mines (E) Elven Halls (V) Vaults (C) Crypt (U) Depths (H) Hell (Z) Zot
Where to? (Enter - D:1, ? - help)
Okay, then.
An orange demon comes into view.
An orange demon is nearby!
There is a staircase leading out of the dungeon here.
You have escaped!

###############...#
#.#.####
,.P.P..#...#
#.#....#
,♣P....#...#
#.#....#
.P.♣..#.#.#
#.###.)#
,♣P.P..#.#.#
#......#
P♣..P.#...#
######..
P♣P.PP#.4.# #..'..
PPP.P.#...# #.##..
.PP.P.#.@.# #.##..
PP.P..#...# #.##..
* ♣P.P♣P#...#
#.##.. P.P.P.#...#
#.##.. ..P.P.#.#.#
#.#### ...PP♣#.#.#
#.# P♣P. #...# #.#
* P. #...# ######.#
#...# #......####


You could see an orange demon.

Vanquished Creatures
  the Royal Jelly (Slime:5)
  3 dread liches
  2 orbs of fire
  Tiamat (Zot:2)
  3 ancient liches
  A juggernaut (Depths:3)
  Vv (Zot:1)
  6 Killer Klowns (Zot:5)
  Margery (Vaults:4)
  2 caustic shrikes (Depths:3)
  A curse toe (Zot:5)
  4 golden dragons
  Nikola (Snake:1)
  A bone dragon (Abyss:3)
  A pearl dragon (Depths:2)
  The ghost of Hyev the Spear-Bearer, an adept DsCA of Kikubaaqudgha (Depths:1)
  A Tzitzimitl (D:13)
  8 tentacled monstrosities
  3 electric golems
  20 Orb Guardians
  A walking crystal tome (Depths:3)
  2 liches (Depths:3)
  5 titans
  9 death cobs
  2 walking frostbound tomes (Depths:3)
  7 sphinxes
  3 quicksilver dragons
  24 acid blobs
  2 tentacled starspawn (Abyss:2)
  6 storm dragons
  The ghost of Ocirch the Deadly Accurate, an adept DsGl of Dithmenos (Snake:4)
  Donald (Vaults:2)
  6 tengu reavers
  2 nagarajas (Snake:4)
  12 shadow dragons
  23 azure jellies
  A revenant (Vaults:2)
  15 rockslimes
  5 fire giants (Depths:3)
  6 frost giants
  3 iron dragons
  4 draconian monks
  The ghost of qeuew the Hand of Fortune, a journeyman HOFi of Nemelex Xobeh (Shoals:3)
  A draconian scorcher (Depths:4)
  2 draconian knights
  14 vault wardens
  3 imperial myrmidons (Desolation)
  Aizul (Snake:3)
  A spectral juggernaut (Depths:1)
  2 deep elf sorcerers (Vaults:5)
  A curse skull (Vaults:2)
  2 ghost moths
  2 cacodemons
  2 draconian stormcallers
  Louise (Shoals:4)
  A draconian shifter (Zot:2)
  14 ironbound preservers
  A frost giant (shapeshifter) (D:15)
  A balrug (Depths:1)
  2 war gargoyles (Vaults:5)
  A draconian annihilator (Abyss:2)
  2 spriggan defenders
  20 quicksilver oozes
  21 very ugly things
  An ophan (Depths:2)
  Nessos (Lair:3)
  A green draconian (Zot:1)
  5 ironbound thunderhulks
  11 stone giants
  An apis (Depths:2)
  2 vampire knights (Depths:1)
  2 halazid warlocks (Desolation)
  2 black draconians
  2 spark wasps (Depths:3)
  A deep elf annihilator (Vaults:4)
  5 dire elephants
  5 red draconians
  8 white draconians
  A minotaur (Gauntlet)
  4 purple draconians
  7 yellow draconians
  2 crystal guardians (Desolation)
  A blizzard demon (Depths:1)
  2 ettins (Depths:1)
  A merfolk javelineer (Shoals:2)
  4 merfolk impalers
  A deep elf high priest (Vaults:5)
  5 fire dragons
  9 yaktaur captains
  5 ragged hierophants (Desolation)
  2 salamander tyrants (Snake:4)
  9 great orbs of eyes
  6 servants of whispers (Desolation)
  A spectral tengu (Depths:1)
  14 vault guards
  A hydra (Snake:3)
  5 peacekeepers
  4 ice dragons
  A juggernaut simulacrum (Depths:1)
  2 alligator snapping turtles (Shoals:4)
  14 anacondas
  10 centaur warriors
  A merfolk aquamancer (Shoals:1)
  5 ironbound frosthearts
  A spriggan air mage (Depths:4)
  2 two-headed ogres
  12 satyrs
  An alligator (Snake:3)
  2 boulder beetles
  10 deep troll shamans
  14 naga warriors
  9 tengu warriors
  2 death yaks (Lair:5)
  2 deep troll earth magi
  12 naga sharpshooters
  A hell hog (Depths:1)
  9 spriggan berserkers
  An orc high priest (Orc:2)
  A soul eater (Abyss:2)
  2 thrashing horrors (Abyss:2)
  A wretched star (Abyss:2)
  6 salamander mystics
  14 shock serpents
  A sixfirhy (Depths:2)
  4 sun demons
  10 hell knights
  A skeletal warrior (D:11)
  A shadow wraith (Abyss:2)
  3 iron trolls
  A goliath frog (Snake:3)
  9 sea snakes
  40 deep trolls
  A spatial maelstrom (Abyss:3)
  4 glowing orange brains
  4 flayed ghosts
  7 wizards
  3 orange crystal statues (IceCv)
  12 lindwurms
  3 naga ritualists
  2 phantasmal warriors
  4 orc knights
  10 mana vipers
  A deep elf pyromancer (D:11)
  13 fauns
  6 harpies
  9 necromancers
  30 ugly things
  5 cyclopes
  An oklob plant (Lair:1)
  15 ironbound convokers
  3 shining eyes
  A cyclops (shapeshifter) (D:15)
  A human zombie (Vaults:3)
  11 manticores
  A faun (shapeshifter) (Vaults:5)
  17 salamanders
  18 moths of wrath
  24 black mambas
  7 merfolk sirens
  3 elephants
  15 vault sentinels
  A torpor snail (Lair:3)
  An ice statue (D:14)
  6 water nymphs
  4 eyes of devastation
  Maurice (D:11)
  An apocalypse crab (Abyss:2)
  A centaur skeleton (Abyss:3)
  A titan simulacrum (Depths:1)
  A hellion (Depths:1)
  8 naga magi
  11 guardian serpents
  2 orange demons
  3 smoke demons
  A molten gargoyle (Vaults:1)
  2 unseen horrors
  2 cane toads
  An efreet (Abyss:3)
  27 yaktaurs
  3 rime drakes
  A minotaur zombie (Gauntlet)
  2 freezing wraiths
  3 komodo dragons
  6 tengu conjurers
  2 ancient zymes (Abyss:3)
  A human skeleton (Vaults:3)
  2 ice devils (Depths:1)
  A tormentor (Depths:3)
  3 trolls (D:8)
  A polar bear (Lair:5)
  22 merfolk
  A raiju (shapeshifter) (D:14)
  Grinder (D:4)
  3 wind drakes
  4 raiju (Abyss:3)
  4 hornets (Depths:3)
  115 slime creatures
  A blink frog (Lair:3)
  A sphinx simulacrum (Depths:1)
  6 dream sheep
  35 saltlings (Desolation)
  A stone giant simulacrum (Vaults:3)
  6 large abominations
  12 snapping turtles
  5 spriggans
  Sigmund (D:5)
  4 ynoxinuls
  7 starcursed masses (Abyss:3)
  8 flying skulls
  3 shadows (Gauntlet)
  7 wyverns
  A culicivora (shapeshifter) (D:14)
  A vampire (D:11)
  6 basilisks
  3 water elementals
  2 golden eyes (Slime:4)
  2 wraiths
  A human (D:8)
  12 yaks
  A fire elemental (Vaults:1)
  A neqoxec (Abyss:2)
  4 vampire mosquitoes
  2 steam dragons
  20 nagas
  A warg (Orc:2)
  Menkaure (D:7)
  A spatial vortex (Vaults:4)
  3 water moccasins
  An ogre skeleton (Vaults:3)
  A floating eye (Zot:4)
  An ice beast (shapeshifter) (Depths:3)
  7 orc warriors
  4 sky beasts
  2 black bears (Lair:5)
  2 great orb of eyes simulacra (IceCv)
  4 ogres
  A boggart (shapeshifter) (Vaults:5)
  13 centaurs
  4 wolves
  An ogre (shapeshifter) (D:13)
  4 slime creature simulacra (IceCv)
  2 kobold brigands
  3 phantoms
  4 bullfrogs
  4 glowing shapeshifter simulacra (IceCv)
  A gnoll sergeant (D:7)
  2 scorpions
  2 small abominations (Abyss:2)
  A wight (D:8)
  21 killer bees
  5 howler monkeys
  An electric eel (Snake:3)
  A quasit (Abyss:3)
  2 orc priests
  A gnoll bouda (D:6)
  3 hounds (D:5)
  10 jellies
  Crazy Yiuf (D:2)
  Jessica (D:2)
  3 iguanas
  8 orc wizards
  6 hell rats
  27 gnolls
  18 adders
  10 river rats
  A shadow imp (D:6)
  A white imp (D:7)
  2 worms
  6 dart slugs
  34 orcs
  8 ball pythons
  9 endoplasms
  6 giant cockroaches
  12 goblins
  9 hobgoblins
  9 quokkas
  7 bats
  4 frilled lizards
  22 kobolds
  12 rats
  4 starspawn tentacles (Abyss:2)
1601 creatures vanquished.

Vanquished Creatures (collateral kills)
  2 dread liches (Vaults:4)
  Mara (Vaults:4)
  2 orbs of fire
  A juggernaut (Depths:4)
  A Killer Klown (Zot:5)
  The ghost of Xitz the Cryomancer, a veteran DsCj of Vehumet (Zot:3)
  Xtahua (Vaults:4)
  2 golden dragons
  The ghost of Ukiefoc the Devastator, an adept DrFE of Vehumet (Vaults:2)
  the Enchantress (D:15)
  A hellephant (Vaults:4)
  7 Orb Guardians
  Jorgrun (Orc:2)
  6 tentacled monstrosities
  2 liches
  2 titans (Vaults:4)
  2 quicksilver dragons (Zot:2)
  3 sphinxes
  A death cob (Zot:3)
  A draconian monk (Depths:4)
  2 shadow dragons
  2 tengu reavers
  An azure jelly (shapeshifter) (Vaults:4)
  A fire giant (Vaults:4)
  3 nagarajas
  A draconian knight (Zot:2)
  2 rockslimes (Zot:3)
  2 storm dragons
  3 frost giants
  5 vault wardens (Vaults:4)
  An iron dragon (Depths:3)
  A draconian shifter (Zot:2)
  A ghost moth (Zot:3)
  4 ironbound preservers
  5 stone giants
  6 very ugly things
  2 war gargoyles (Vaults:4)
  2 spriggan defenders (D:15)
  A draconian annihilator (Zot:1)
  2 ironbound thunderhulks
  2 deep elf demonologists (Vaults:4)
  A green draconian (Zot:3)
  A black draconian (Depths:4)
  3 red draconians
  A deep elf annihilator (Vaults:4)
  3 white draconians
  3 yellow draconians
  5 dire elephants
  2 purple draconians
  Josephine (D:11)
  5 ettins
  A blizzard demon (Depths:4)
  A crystal guardian (Vaults:3)
  3 merfolk impalers
  A fire dragon (Depths:1)
  2 great orbs of eyes (Vaults:2)
  A yaktaur captain (Vaults:4)
  A ragged hierophant (Desolation)
  An entropy weaver (Vaults:1)
  2 ice dragons (Depths:4)
  A servant of whispers (Desolation)
  8 hydras
  2 rakshasas (D:15)
  18 vault guards
  3 ironbound frosthearts
  A peacekeeper (Vaults:3)
  A death knight (D:15)
  A spriggan air mage (D:15)
  3 alligator snapping turtles
  9 anacondas
  7 centaur warriors
  3 two-headed ogres
  A salamander tyrant (Depths:1)
  A boulder beetle (D:11)
  A merfolk avatar (Shoals:2)
  A satyr (Shoals:4)
  8 death yaks
  5 deep troll shamans
  A catoblepas (Lair:5)
  2 deep troll earth magi
  3 shock serpents
  7 naga sharpshooters
  5 tengu warriors
  A large abomination (D:8)
  4 naga warriors
  Nergalle (D:11)
  A sixfirhy (Depths:1)
  A sun demon (Depths:1)
  6 iron trolls
  A fire crab (Vaults:1)
  5 salamander mystics
  4 sea snakes
  28 deep trolls
  A glowing orange brain (Depths:4)
  2 lindwurms
  A flayed ghost (Depths:4)
  6 naga ritualists
  2 phantasmal warriors (Vaults:4)
  6 ironbound convokers
  3 harpies
  2 wizards
  2 orc knights
  3 mana vipers
  9 salamanders
  A deep elf pyromancer (D:15)
  A deep elf zephyrmancer (Vaults:1)
  3 cyclopes
  5 manticores
  A moth of wrath (Zot:4)
  3 fauns (Shoals:3)
  26 ugly things
  3 guardian serpents (Snake:4)
  17 elephants
  23 black mambas
  A merfolk siren (Shoals:3)
  7 naga magi
  7 vault sentinels
  10 cane toads
  A water nymph (Shoals:3)
  2 torpor snails (Lair:5)
  An eye of devastation (Lair:4)
  2 gargoyles
  4 yaktaurs
  11 komodo dragons
  7 rime drakes
  2 tengu conjurers (D:12)
  2 ice devils (Depths:1)
  5 trolls
  A polar bear (Lair:4)
  A hornet (shapeshifter) (D:13)
  5 merfolk
  A tarantella (Vaults:1)
  3 snapping turtles
  5 dream sheep
  14 slime creatures
  4 saltlings (Desolation)
  6 blink frogs
  A shadow (D:11)
  23 yaks
  7 wraiths
  A yak (shapeshifter) (D:15)
  2 spriggans (D:15)
  A vampire (D:12)
  3 water elementals
  4 basilisks
  A fire elemental (Vaults:1)
  A steam dragon (Lair:1)
  7 wyverns
  9 vampire mosquitoes
  4 wargs
  2 acid dragons
  11 nagas
  2 spatial vortices (Vaults:4)
  16 water moccasins
  2 floating eyes
  12 orc warriors
  A black bear (D:7)
  A sky beast (D:8)
  3 ogres (Orc:1)
  4 wolves
  12 centaurs
  9 bullfrogs
  2 kobold brigands
  2 wights (D:8)
  18 killer bees
  5 howler monkeys
  A lava snake (Vaults:1)
  3 crimson imps (Depths:1)
  2 gnoll boudas
  3 orc priests
  6 orc wizards
  15 hell rats
  6 gnolls
  9 river rats (Lair:2)
  A shadow imp (D:8)
  A white imp (Depths:1)
  9 orcs
  2 goblins (D:7)
  2 quokkas (Lair:2)
  6 kobolds
  2 rats (Lair:2)
  A bush (Lair:4)
  A fungus (Lair:3)
728 creatures vanquished.

Vanquished Creatures (others)
  9 orc warlords
  A storm dragon (Zot:2)
  A draconian knight (Zot:2)
  A fire giant (Depths:3)
  2 azure jellies (Zot:4)
  A draconian scorcher (Zot:1)
  A draconian stormcaller (Zot:2)
  2 orc high priests
  2 orc sorcerers
  13 orc knights
  A wizard (Vaults:4)
  A lindwurm (Vaults:1)
  A molten gargoyle (Vaults:1)
  A yaktaur (Vaults:4)
  A raiju (Abyss:2)
  A saltling (Desolation)
  16 orc warriors
  A howler monkey (D:12)
  20 orc priests
  16 orc wizards
  46 orcs
  18 fungi
  84 plants
  2 starspawn tentacles (Abyss:2)
  4 toadstools (D:2)
246 creatures vanquished.

Grand Total: 2575 creatures vanquished

Notes
Turn   | Place    | Note
-------+----------+-------------------------------------------
     0 | D:1      | cforsyth the Hill Orc Monk began the quest for the Orb.
     0 | D:1      | Reached XP level 1. HP: 19/19 MP: 1/1
   120 | D:1      | Reached XP level 2. HP: 26/27 MP: 2/2
   564 | D:1      | Reached XP level 3. HP: 33/34 MP: 3/3
   799 | D:2      | Reached skill level 5 in Axes
  1001 | D:2      | Identified the +3 hammer of Animal Spirits {protect, rC+
                  | Will+ Str-5 Dex+3}
  1014 | D:2      | Found a runed translucent door.
  1017 | D:2      | Noticed Crazy Yiuf
  1040 | D:2      | Reached skill level 1 in Armour
  1091 | D:2      | Noticed Jessica
  1099 | D:2      | Killed Jessica
  1100 | D:2      | Reached XP level 4. HP: 28/41 MP: 4/4
  1424 | D:2      | Reached skill level 5 in Fighting
  1428 | D:2      | Reached XP level 5. HP: 26/48 MP: 5/5
  1894 | D:2      | Killed Crazy Yiuf
  2191 | D:3      | Got the Exposition on the Cunning Snake
  2225 | D:3      | Reached XP level 6. HP: 55/56 MP: 6/6
  2777 | D:4      | Found a shimmering altar of Xom.
  2817 | D:4      | Noticed Grinder
  2841 | D:4      | Killed Grinder
  2842 | D:4      | Reached XP level 7. HP: 48/64 MP: 7/7
  2875 | D:4      | Found a large runed translucent door.
  2875 | D:4      | Found a large runed translucent door.
  2886 | D:4      | Found a large runed translucent door.
  2886 | D:4      | Found a large runed translucent door.
  2988 | D:4      | Found a glowing drain.
  3031 | Sewer    | Entered a sewer
  3184 | Sewer    | Found a viscous altar of Jiyva.
  3557 | D:4      | Identified the amulet "Coyxoova" {Acrobat rElec rC- Str+2
                  | Int+4}
  3899 | D:4      | Reached XP level 8. HP: 73/73 MP: 8/8
  4216 | D:5      | Entered Level 5 of the Dungeon
  4229 | D:5      | Identified 2 scrolls of acquirement
  4229 | D:5      | Acquired the +5 crystal plate armour of Asceticism {Dex+4}
  4288 | D:5      | Noticed Sigmund
  4319 | D:4      | Reached skill level 5 in Armour
  4579 | D:5      | Killed Sigmund
  4892 | D:5      | Found Mtoefeph's Merry Market.
  4910 | D:5      | Found Nill's Jewellery Boutique.
  5596 | D:6      | Reached XP level 9. HP: 82/82 MP: 9/9
  5710 | D:6      | Found an opulent altar of Gozag.
  6001 | D:6      | Identified the +0 chain mail of the Gate {*Corrode +Inv
                  | rPois rC+}
  6008 | D:6      | Became a worshipper of Beogh the Brigand
  6008 | D:6      | Reached * piety under Beogh
  6008 | D:6      | Reached ** piety under Beogh
  6023 | D:6      | Reached skill level 10 in Axes
  6231 | D:7      | Found a shadowy altar of Dithmenos.
  6380 | D:7      | Noticed Menkaure
  6401 | D:7      | Killed Menkaure
  6539 | D:7      | Found a flagged portal.
  6550 | Bailey   | Entered a bailey
  6715 | Bailey   | Reached *** piety under Beogh
  6716 | Bailey   | Reached skill level 10 in Fighting
  6767 | Bailey   | HP: 5/117 [orc warrior/+1 halberd of electrocution (17)]
  6768 | Bailey   | HP: 2/117 [orc warrior/+1 halberd of electrocution (4)]
  7170 | D:7      | Found a staircase to the Ecumenical Temple.
  7389 | D:8      | Reached XP level 10. HP: 91/92 MP: 10/10
  7407 | D:8      | Gained Beowulf as an ally
  7785 | D:8      | Noticed an elephant
  7852 | D:8      | Reached **** piety under Beogh
  8410 | D:8      | Gained Nordag as an ally
  8412 | D:8      | Your ally Beowulf died
  8416 | D:8      | Your ally Nordag died
  8437 | D:8      | Killed an elephant
  8438 | D:8      | Reached skill level 10 in Armour
  8550 | D:8      | Reached XP level 11. HP: 68/104 MP: 11/11
  9185 | D:9      | Gained Bogwald as an ally
  9186 | D:9      | Found a staircase to the Orcish Mines.
  9192 | D:9      | Reached ***** piety under Beogh
  9525 | D:9      | Gained Koronagh as an ally
 10139 | D:10     | Entered Level 10 of the Dungeon
 10545 | D:10     | Found a staircase to the Lair.
 10893 | D:10     | Found a shimmering blue altar of Sif Muna.
 10893 | D:10     | Found an iron altar of Okawaru.
 10912 | D:11     | Noticed a two-headed ogre
 10914 | D:11     | Noticed a two-headed ogre
 10918 | D:10     | Killed a two-headed ogre
 10967 | D:10     | Killed a two-headed ogre
 11027 | D:11     | Noticed a manticore
 11032 | D:11     | Killed a manticore
 11148 | D:11     | Noticed a two-headed ogre
 11162 | D:11     | Killed a two-headed ogre
 11265 | D:11     | Noticed a deep elf pyromancer
 11615 | D:11     | Killed a deep elf pyromancer
 11643 | D:11     | Noticed a boulder beetle
 11669 | D:11     | Killed a boulder beetle
 11864 | D:11     | Noticed a skeletal warrior
 11882 | D:11     | Killed a skeletal warrior
 11886 | D:11     | Noticed a two-headed ogre
 11886 | D:11     | Noticed Maurice
 11894 | D:11     | Killed a two-headed ogre
 11895 | D:11     | Reached XP level 12. HP: 109/115 MP: 12/12
 11908 | D:11     | Killed Maurice
 12061 | D:11     | Reached skill level 15 in Axes
 12062 | D:11     | You fall into a shaft and drop 2 floors!
 12202 | D:12     | Noticed Nergalle
 12236 | D:11     | Killed Josephine
 12367 | D:11     | Killed Nergalle
 12427 | D:12     | Reached ****** piety under Beogh
 12857 | Lair:1   | Entered Level 1 of the Lair of Beasts
 13018 | Lair:1   | Reached skill level 1 in Invocations
 13089 | Lair:1   | Reached skill level 1 in Shields
 13378 | Lair:1   | Got the Handbook of Mercurial Direction
 13614 | Lair:2   | Found a staircase to the Shoals.
 13680 | Lair:2   | Identified the +9 whip "Qarryk" {holy, Will+ Stlth+}
 13699 | Lair:2   | Reached XP level 13. HP: 111/125 MP: 15/15
 13703 | Lair:2   | Reached skill level 15 in Fighting
 13959 | Lair:2   | Reached skill level 5 in Invocations
 14320 | Lair:2   | Acquired 427 gold pieces
 14770 | Lair:3   | Found a staircase to the Snake Pit.
 14795 | Lair:3   | Noticed Nessos
 14814 | Lair:3   | Killed Nessos
 14836 | Lair:3   | Reached skill level 5 in Shields
 16058 | Lair:4   | Found a staircase to the Slime Pits.
 16062 | Lair:4   | Paralysed by a floating eye for 2 turns
 16575 | Lair:5   | Entered Level 5 of the Lair of Beasts
 16737 | Lair:5   | Reached XP level 14. HP: 120/138 MP: 20/20
 17326 | Lair:5   | Reached skill level 15 in Armour
 17333 | Lair:5   | Reached skill level 10 in Invocations
 17752 | Orc:1    | Entered Level 1 of the Orcish Mines
 18270 | Orc:2    | Entered Level 2 of the Orcish Mines
 18282 | Orc:2    | Found Daimun's Antique Armour Emporium.
 18301 | Orc:2    | Found a gate leading to a gauntlet.
 18315 | Gauntlet | Entered a Gauntlet
 18315 | Gauntlet | Found a transporter.
 18315 | Gauntlet | Found a transporter.
 18329 | Gauntlet | Found a transporter.
 18331 | Gauntlet | Found a transporter.
 18339 | Gauntlet | Found a transporter.
 18343 | Gauntlet | Found a transporter.
 18351 | Gauntlet | Found a transporter.
 18369 | Gauntlet | Found a runed translucent gate.
 18370 | Gauntlet | Found a transporter.
 18370 | Gauntlet | Found a runed translucent gate.
 18371 | Gauntlet | Found a runed translucent gate.
 18372 | Gauntlet | Noticed a quicksilver ooze
 18387 | Gauntlet | Found a transporter.
 18391 | Gauntlet | Found a transporter.
 18403 | Gauntlet | Found a transporter.
 18404 | Gauntlet | Found a transporter.
 18427 | Gauntlet | Found a runed translucent door.
 18654 | Gauntlet | Killed a quicksilver ooze
 18659 | Gauntlet | Identified the +10 broad axe "Olass" {freeze, *Slow rElec
                  | Will+}
 18827 | Orc:2    | Found a staircase to the Elven Halls.
 18835 | Orc:2    | Gained Ogrik as an ally
 19121 | Orc:2    | Noticed Jorgrun
 19140 | Orc:2    | Killed Jorgrun
 19245 | Orc:2    | Found Quidgh's Jewellery Emporium.
 19245 | Orc:2    | Found Kaqer's Antique Weapon Shop.
 19247 | Orc:2    | Found Focixyub's General Store.
 19250 | Orc:2    | Found Zusodu's Jewellery Boutique.
 20190 | D:13     | Found a gate to the Vaults.
 20199 | D:13     | Gained Blodwig as an ally
 20277 | D:13     | Gained Borgoth as an ally
 20644 | D:13     | Reached XP level 15. HP: 122/148 MP: 23/23
 20811 | D:14     | Found a frozen archway.
 20822 | IceCv    | Entered an ice cave
 21559 | IceCv    | Noticed an azure jelly
 21564 | IceCv    | Killed an azure jelly
 21568 | IceCv    | Found a viscous altar of Jiyva.
 21568 | IceCv    | Noticed an azure jelly
 21579 | IceCv    | Killed an azure jelly
 21630 | IceCv    | Noticed an azure jelly
 21630 | IceCv    | Noticed a rockslime
 21653 | IceCv    | Killed an azure jelly
 21657 | IceCv    | Killed a rockslime
 21756 | IceCv    | Got Peod's Handbook of the Iceberg
 21757 | IceCv    | Identified the amulet of Brilliance {Spirit rElec Str+3}
 22577 | D:15     | Entered Level 15 of the Dungeon
 23095 | D:15     | Found a staircase to the Depths.
 23618 | D:15     | Reached XP level 16. HP: 159/159 MP: 25/25
 23877 | D:14     | Reached XP level 17. HP: 166/166 MP: 25/27
 24045 | Snake:1  | Entered Level 1 of the Snake Pit
 24930 | Snake:1  | Found a transporter.
 24973 | Snake:1  | Identified the +2 pair of gloves of Aco Omu {-Tele rPois
                  | Regen+ Str+4}
 24973 | Snake:1  | Noticed Nikola
 24980 | Snake:1  | Killed Nikola
 24995 | Snake:1  | Your ally Blodwig died
 24998 | Snake:1  | Identified the +2 robe of the Echidna {Str+5}
 25527 | Snake:1  | Found a transporter.
 25704 | Snake:1  | Identified the ring of Awnay {rCorr EV+4}
 26335 | Snake:3  | Noticed Aizul
 26347 | Snake:3  | Reached skill level 10 in Shields
 26347 | Snake:3  | Killed Aizul
 26461 | Snake:3  | Reached skill level 15 in Invocations
 27431 | Snake:2  | Reached XP level 18. HP: 173/178 MP: 29/29
 28501 | Snake:3  | Gained Worak as an ally
 28713 | Snake:4  | Entered Level 4 of the Snake Pit
 29101 | Snake:4  | Gained Norbak as an ally
 29247 | Snake:4  | Gained Gorg as an ally
 29626 | Snake:4  | Found Hoinuzet's Magic Scroll Shoppe.
 30005 | Snake:4  | Found a runed translucent door.
 30005 | Snake:4  | Noticed Ocirch's ghost (adept DsGl)
 30039 | Snake:4  | Killed Ocirch's ghost
 30278 | Snake:4  | Your ally Norbak died
 30794 | Snake:4  | Gained Oreg as an ally
 31230 | Snake:4  | Got a serpentine rune of Zot
 31594 | Shoals:1 | Entered Level 1 of the Shoals
 31874 | Shoals:1 | Found Niotet's Armour Shop.
 32656 | Shoals:2 | Found Rysylixe's Vocational Training.
 32672 | Shoals:2 | Reached XP level 19. HP: 189/189 MP: 31/31
 32701 | Shoals:2 | Bought a manual of Invocations for 1040 gold pieces
 33410 | Shoals:3 | Gained Okrist as an ally
 33664 | Shoals:3 | Your ally Okrist died
 33726 | Shoals:3 | Found a runed translucent gate.
 33727 | Shoals:3 | Found a runed translucent gate.
 33728 | Shoals:3 | Found a runed translucent gate.
 33738 | Shoals:3 | Noticed qeuew's ghost (journeyman HOFi)
 33829 | Shoals:3 | Killed qeuew's ghost
 33869 | Shoals:3 | Found Seemajev's Weapon Emporium.
 34192 | Shoals:4 | Entered Level 4 of the Shoals
 34489 | Shoals:4 | Identified the ring of Jogoaw {Will+ EV+4}
 34677 | Shoals:4 | Gained Bogward as an ally
 34818 | Shoals:4 | Noticed Louise
 34842 | Shoals:4 | Killed Louise
 35340 | Shoals:4 | Got a barnacled rune of Zot
 37128 | Depths:1 | Entered Level 1 of the Depths
 37132 | Depths:1 | Noticed the Enchantress
 37142 | D:15     | Killed the Enchantress
 37358 | D:15     | Upgraded the game from 0.30-a0-422-g946f4849ff to
                  | 0.30-a0-424-g7412bad402
 37370 | Depths:1 | Noticed Hyev's ghost (adept DsCA)
 37383 | Depths:1 | Found a transporter.
 37387 | Depths:1 | Found a transporter.
 37389 | Depths:1 | Noticed an ancient lich
 37853 | Depths:1 | Your ally Borgoth died
 38156 | Depths:1 | Reached XP level 20. HP: 200/200 MP: 34/34
 38166 | Depths:1 | Gained Gorg as an ally
 38897 | Depths:1 | Found a gateway to Hell.
 39147 | Depths:1 | Identified the +10 broad axe of Lojuam {venom, rElec}
 39842 | Depths:2 | You fall into a shaft and drop 2 floors!
 39842 | Depths:4 | Entered Level 4 of the Depths
 39980 | Depths:4 | Found a one-way gateway to a ziggurat.
 40033 | Depths:4 | Killed a juggernaut
 40050 | Depths:4 | Your ally Gorg died
 40216 | Depths:3 | Found a shimmering altar of Xom.
 40217 | Depths:3 | Found a shimmering altar of Xom.
 40217 | Depths:3 | Found a shimmering altar of Xom.
 40218 | Depths:3 | Found a shimmering altar of Xom.
 40221 | Depths:3 | Found a shimmering altar of Xom.
 40223 | Depths:3 | Found a shimmering altar of Xom.
 40223 | Depths:3 | Found a shimmering altar of Xom.
 40225 | Depths:3 | Noticed a golden dragon
 40244 | Depths:3 | HP: 10/202 [golden dragon/bolt of cold (64)]
 40245 | Depths:3 | Killed a golden dragon
 40245 | Depths:3 | Gained Bogfrid as an ally
 40505 | Depths:3 | Noticed a caustic shrike
 40524 | Depths:3 | Killed a caustic shrike
 40562 | Depths:3 | Gained Bogwald as an ally
 40594 | Depths:3 | Your ally Bogwald died
 40692 | Depths:3 | Found the +7 great mace "Undeadhunter" {disrupt, rN+}
 40735 | Depths:3 | Your ally Bogfrid died
 40802 | Depths:3 | Reached XP level 21. HP: 42/201 MP: 20/36
 40958 | Depths:3 | Noticed a juggernaut
 40973 | Depths:3 | Killed a juggernaut
 40990 | Depths:3 | Noticed a golden dragon
 41006 | Depths:3 | Killed a golden dragon
 41125 | Depths:3 | Noticed a golden dragon
 41136 | Depths:3 | Killed a golden dragon
 41560 | Depths:3 | Found a one-way gate leading to the halls of Pandemonium.
 41625 | Depths:3 | Noticed a caustic shrike
 41651 | Depths:3 | Killed a caustic shrike
 41740 | Depths:3 | Identified the +0 hat "Vinoc" {Rampage *Slow rF+++ Dex-2}
 41754 | Depths:3 | Paralysed by a sphinx for 2 turns
 41828 | Depths:3 | Found a one-way gate to the infinite horrors of the Abyss.
 42289 | Depths:2 | Noticed a pearl dragon
 42305 | Depths:2 | Killed a pearl dragon
 42305 | Depths:2 | Gained Bogward as an ally
 42402 | Depths:2 | Found a glowing golden altar of the Shining One.
 42402 | Depths:2 | Found a glowing silver altar of Zin.
 42402 | Depths:2 | Found a white marble altar of Elyvilon.
 42895 | Depths:2 | Gained mutation: You expend magic power (3 MP) to
                  | strengthen your wands. [a cacodemon]
 43444 | Depths:4 | Found a gate to the Realm of Zot.
 43457 | Depths:4 | Reached XP level 22. HP: 176/221 MP: 37/37
 43872 | Depths:4 | Found a hide-covered altar of Uskayaw.
 44306 | Vaults:1 | Entered Level 1 of the Vaults
 44585 | Abyss:2  | Cast into level 2 of the Abyss (a wizard)
 44845 | Vaults:1 | Escaped the Abyss
 45290 | Vaults:1 | Got the Catalogue of the Summer
 45475 | Vaults:1 | Your ally Koronagh died
 45883 | Vaults:1 | Reached skill level 15 in Shields
 46681 | Vaults:2 | Your ally Oreg died
 46682 | Vaults:2 | Your ally Gorg died
 46697 | Vaults:2 | Gained Koronagh as an ally
 46785 | Vaults:2 | Found a staircase to the Crypt.
 46820 | Vaults:2 | Your ally Koronagh died
 46857 | Vaults:2 | HP: 10/217 [??? (8)]
 47562 | Vaults:2 | Found Ilypp's Assorted Antiques.
 47562 | Vaults:2 | Noticed Donald
 47593 | Vaults:2 | Killed Donald
 47598 | Vaults:2 | Bought a scroll of enchant armour for 127 gold pieces
 47598 | Vaults:2 | Bought a scroll of enchant armour for 127 gold pieces
 47959 | Vaults:2 | Found a large runed translucent door.
 47959 | Vaults:2 | Found a large runed translucent door.
 47960 | Vaults:2 | Noticed Ukiefoc's ghost (adept DrFE)
 48048 | Vaults:2 | Killed Ukiefoc's ghost
 48092 | Vaults:3 | Found a crumbling gateway.
 48099 | Desolati | Entered the Desolation of Salt
 48335 | Desolati | Gained Gorm as an ally
 48485 | Desolati | Your ally Gorm died
 48517 | Desolati | Identified the +6 flail "Ogreslayer" {spect, SInv}
 48529 | Desolati | Gained Ognian as an ally
 48549 | Desolati | Reached XP level 23. HP: 88/227 MP: 39/39
 48803 | Desolati | Got the Grimoire of Moulding
 48807 | Desolati | Identified the ring "Xuntess" {+Blink rPois Dex+3}
 48810 | Desolati | Got the Opusculum on Charged Spellbinding
 48870 | Desolati | Identified the +8 scimitar of Conflict {freeze, rPois Str+3
                  | Dex+3}
 48872 | Desolati | Got Joulocid's Essays on Concussion and the Inferno
 48880 | Desolati | Got Sif Muna's Folio of Charming Impurities
 48921 | Desolati | Got the Folio of Hindering Unholy Rites
 48922 | Desolati | Identified the +4 quarterstaff of Ampao {antimagic, Fly}
 49270 | Vaults:3 | Your ally Bogward died
 49495 | Vaults:3 | Gained Bladwarg as an ally
 49507 | Vaults:3 | Gained Morguth as an ally
 49808 | Vaults:3 | Your ally Bladwarg died
 50277 | Vaults:3 | Got the Parchment of Poisonous Imprecation
 50805 | Vaults:4 | Noticed Margery
 50817 | Vaults:4 | Killed Margery
 50822 | Vaults:4 | Gained Margrim as an ally
 50996 | Vaults:4 | Found Unac's Antique Weapon Boutique.
 51009 | Vaults:4 | Identified the +1 scale mail of the Vacuum {+Blink rN+
                  | Will- Int+10}
 51077 | Vaults:4 | Found a portal to a secret trove of treasure.
 51246 | Vaults:4 | Your ally Margrim died
 52008 | Vaults:5 | Entered Level 5 of the Vaults
 52051 | Vaults:5 | Noticed Mara
 52076 | Vaults:5 | Noticed a dread lich
 52284 | Vaults:4 | Killed Mara
 52285 | Vaults:4 | Reached XP level 24. HP: 222/243 MP: 39/39
 52290 | Vaults:4 | Killed a dread lich
 52449 | Vaults:5 | Noticed a dread lich
 52604 | Vaults:4 | Killed a dread lich
 52738 | Vaults:5 | Noticed a dread lich
 52822 | Abyss:2  | Cast into level 2 of the Abyss (a deep elf demonologist)
 52932 | Abyss:2  | Found a corrupted altar of Lugonu.
 53130 | Vaults:5 | Escaped the Abyss
 53130 | Vaults:5 | Noticed Xtahua
 53136 | Vaults:4 | Killed a dread lich
 53885 | Vaults:4 | Killed Xtahua
 54261 | Vaults:5 | Identified the +4 falchion "Meto" {protect, rC+ Dex+3}
 54584 | Vaults:5 | Identified the +1 scale mail "Likaxko" {rElec Will- Dex+3}
 54601 | Vaults:5 | Identified the +5 ring mail of the Harvest {rCorr}
 54610 | Vaults:5 | Identified the +4 ring mail of Mental Paralysis {rN+}
 54626 | Vaults:5 | Got a silver rune of Zot
 55732 | Vaults:5 | Identified the +2 shortbow of Conformity {freeze, rC+
                  | rCorr}
 55734 | Vaults:5 | Identified the +1 giant spiked club of the Orb {pain, rPois
                  | rC+ Dex-5}
 56586 | Slime:1  | Entered Level 1 of the Pits of Slime
 58044 | Slime:4  | Gained Brunolf as an ally
 58057 | Slime:4  | Your ally Brunolf died
 58064 | Slime:4  | Reached XP level 25. HP: 253/253 MP: 40/40
 58638 | Slime:4  | Reached skill level 27 in Invocations
 58797 | Slime:5  | Entered Level 5 of the Pits of Slime
 59501 | Slime:5  | Found a viscous altar of Jiyva.
 59517 | Slime:5  | Noticed the Royal Jelly
 60364 | Slime:5  | Killed the Royal Jelly
 60871 | Slime:5  | Identified the ring of Nous {MP+9 Int+2}
 60902 | Slime:5  | Identified the +8 glaive of the Antique God {flame, rElec
                  | Int+4}
 60906 | Slime:5  | Got a slimy rune of Zot
 60923 | Slime:5  | Identified the +9 hand axe "Qoschiost" {vorpal, rN+}
 60954 | Slime:5  | Identified the +1 ring mail of Jypteug {rPois rF+ rC+}
 61482 | Vaults:4 | You showed the slimy rune of Zot to enter a treasure trove
 61483 | Trove    | Entered a treasure trove
 61483 | Trove    | Found the +8 Wrath of Trog {antimagic, *Rage Rampage}
 61491 | Trove    | Gained mutation: You are dopey. (Int -2) [a shining eye]
 61496 | Trove    | Gained mutation: You occasionally lose the ability to drink
                  | potions when taking damage. [a shining eye]
 61500 | Trove    | Identified the +13 plate armour of Winter {Drain +Blink
                  | rPois Dex-3}
 61528 | Trove    | Identified the +2 cloak of the Plum {+Blink rPois Regen+
                  | Stlth-}
 61552 | Vaults:4 | Lost mutation: You are dopey. (Int -2) [potion of mutation]
 61552 | Vaults:4 | Lost mutation: You expend magic power (3 MP) to strengthen
                  | your wands. [potion of mutation]
 61552 | Vaults:4 | Gained mutation: Your mind is acute. (Int +4, Str/Dex -1)
                  | [potion of mutation]
 61553 | Vaults:4 | Lost mutation: You occasionally lose the ability to drink
                  | potions when taking damage. [potion of mutation]
 61553 | Vaults:4 | Lost mutation: Your mind is acute. (Int +4, Str/Dex -1)
                  | [potion of mutation]
 61553 | Vaults:4 | Gained mutation: You have hidden genetic potential. [potion
                  | of mutation]
 61948 | Depths:1 | Killed an ancient lich
 62123 | Depths:1 | Killed Hyev's ghost
 62865 | Zot:1    | Entered Level 1 of the Realm of Zot
 63617 | Zot:1    | Noticed an orb of fire
 63621 | Zot:1    | Killed an orb of fire
 64402 | Zot:2    | Noticed Vv
 64459 | Zot:1    | Killed Vv
 64798 | Zot:1    | Reached skill level 27 in Fighting
 65195 | Zot:2    | Noticed an orb of fire
 65770 | Zot:3    | Noticed an orb of fire
 65777 | Zot:2    | Killed an orb of fire
 66442 | Zot:3    | Reached XP level 26. HP: 231/266 MP: 40/40
 66538 | Zot:3    | Found the +4 dragonskin cloak
 66538 | Zot:3    | Noticed Tiamat
 66911 | Zot:2    | Killed Tiamat
 67105 | Zot:3    | Reached skill level 5 in Dodging
 67870 | Zot:4    | Found a runed translucent gate.
 67870 | Zot:4    | Found a runed translucent gate.
 67871 | Zot:4    | Found a runed translucent gate.
 67875 | Zot:4    | Noticed Xitz's ghost (veteran DsCj)
 68331 | Zot:4    | Paralysed by a floating eye for 3 turns
 68342 | Zot:4    | Paralysed by a floating eye for 3 turns
 68414 | Zot:3    | Killed Xitz's ghost
 68558 | Zot:4    | Identified the amulet of Hosi {Acrobat rF+ rN+ Int+4}
 68644 | Zot:5    | Entered Level 5 of the Realm of Zot
 69386 | Zot:5    | Noticed an ancient lich
 69388 | Zot:5    | Noticed an orb of fire
 69389 | Zot:5    | Noticed a dread lich
 69392 | Zot:5    | Gained mutation: You occasionally lose the ability to drink
                  | potions when taking damage. [an orb of fire]
 69396 | Zot:5    | Noticed an orb of fire
 69398 | Zot:5    | Noticed a dread lich
 69399 | Zot:5    | Lost mutation: You have hidden genetic potential. [an orb
                  | of fire]
 69399 | Zot:5    | Killed an orb of fire
 69400 | Zot:5    | Your ally Margrim died
 69401 | Zot:5    | Noticed an ancient lich
 69401 | Zot:5    | Noticed a Killer Klown
 69401 | Zot:5    | Noticed a Killer Klown
 69401 | Zot:5    | Noticed a Killer Klown
 69401 | Zot:5    | Noticed a Killer Klown
 69403 | Zot:5    | Noticed a Killer Klown
 69406 | Zot:5    | Noticed a Killer Klown
 69408 | Zot:5    | Killed an ancient lich
 69409 | Zot:5    | Your ally Bogward died
 69409 | Zot:5    | Your ally Bogwald died
 69409 | Zot:5    | Your ally Ognian died
 69410 | Zot:5    | Killed a dread lich
 69410 | Zot:5    | Gained mutation: Your magical capacity is low. (-10% MP)
                  | [an orb of fire]
 69411 | Zot:5    | Gained mutation: Your body sometimes deteriorates upon
                  | taking damage. [an orb of fire]
 69413 | Zot:5    | Your ally Worak died
 69414 | Zot:5    | Killed an orb of fire
 69414 | Zot:5    | Killed a dread lich
 69774 | Zot:5    | Gained Geork as an ally
 69785 | Zot:5    | Killed a Killer Klown
 69788 | Zot:5    | Noticed a Killer Klown
 69791 | Zot:5    | Killed a Killer Klown
 69803 | Zot:5    | Noticed a Killer Klown
 69807 | Zot:5    | Killed a Killer Klown
 69840 | Zot:5    | Killed a Killer Klown
 70377 | Zot:5    | Killed a Killer Klown
 70468 | Zot:5    | Killed a Killer Klown
 70481 | Zot:5    | Killed an ancient lich
 70744 | Zot:5    | Killed a Killer Klown
 71192 | Zot:5    | Got the Orb of Zot
 71209 | Zot:5    | Gained mutation: You do not regenerate when monsters are
                  | visible. [a neqoxec]
 71212 | Zot:5    | Gained mutation: Your magical capacity is very low. (-20%
                  | MP) [a neqoxec]
 71264 | Zot:3    | Lost mutation: Your magical capacity is very low. (-20% MP)
                  | [potion of mutation]
 71264 | Zot:3    | Lost mutation: You occasionally lose the ability to drink
                  | potions when taking damage. [potion of mutation]
 71264 | Zot:3    | Gained mutation: You are strong-willed. (Will+) [potion of
                  | mutation]
 71264 | Zot:3    | Gained mutation: You passively map a small area around you.
                  | [potion of mutation]
 71662 | D:13     | Reached skill level 27 in Axes
 71786 | D:4      | Noticed Qelauqer the pandemonium lord
 71847 | D:$      | Escaped with the Orb!

Illustrated notes

Levels and vault maps discovered:
D:1:      minmay_arrival_arboretum_small, layout_basic
D:2:      layout_loops_corners, chequers_serial_rivers_micro_d,
          minmay_gold_behind_fungi, uniq_jessica, uniq_crazy_yiuf_cottage
D:3:      layout_basic
D:4:      layout_cave_pods, overflow_temple_1_default, gup_sewer_entry_glass,
          minmay_large_rounded_square, minivault_11, chequers_mini_garden,
          minmay_hollow_rounded_squares, uniq_grinder
D:5:      layout_loops_ring, serial_shops, nicolae_lakefront_shop,
          nicolae_alphabet_shops, grunt_ministairs_3, st_stairs_3, uniq_sigmund
D:6:      layout_basic, grunt_gozag_statues
D:7:      layout_rooms, nicolae_dithmenos_the_darkroom, temple_statues,
          enter_bailey_3, minmay_misc_feat_plants, minmay_misc_feat_diagonals,
          uniq_menkaure
D:8:      wad_woods_minihive, layout_loops_cross, minmay_misc_feat_cross
D:9:      layout_roguey, erik_orc_4, hangedman_decor_push,
          kennysheep_big_empty_room
D:10:     layout_cave_pools, nicolae_overflow_two_pavilions, lair_entry_dummy
D:11:     minmay_inside_and_out, layout_cave_pools, uniq_maurice, uniq_josephine
D:12:     layout_cross, uniq_nergalle
D:13:     layout_cave_pods, lightli_vaults_fourway_checkpoint
D:14:     layout_gridville, portal_ice_cave_entry_ice_statue_one,
          serial_park_square1 [serial_park_minivault_5x5_6]
D:15:     gammafunk_enter_depths_forms, layout_basic, serial_rivers,
          chequers_serial_rivers_small_3, chequers_serial_rivers_marsh,
          chequers_serial_rivers_large_b, chequers_serial_rivers_room_b
Lair:1:   layout_hall_layers, nicolae_quartered_pool_super,
          dpeg_stationary_puzzle, grunt_megastairs_5, serial_bayou_shore_b,
          lemuel_fruit_tree
Lair:2:   lemuel_ratsnest, layout_cave_shapes, elwin_shoals_entry_rocks,
          beast_lair_carwin_4, grunt_megastairs_1
Lair:3:   nzn_winding_woodlands_small [nzn_winding_woodlands_5x15_pool,
          nzn_winding_woodlands_center_pierced_h,
          nzn_winding_woodlands_5x15_default], layout_loops_ring,
          minmay_snake_entry_six_corridors, dreamdust_deal_with_the_devil,
          uniq_nessos
Lair:4:   layout_cellular_growth, minmay_slime_entry_eyes, st_stairs_11,
          grunt_megastairs_2
Lair:5:   grunt_lair_end_beastmaster, layout_misc_corridors, special_room
          [special_room_mythical_zoo], chequers_serial_rivers_small_a
Shoals:1: layout_shoals, nicolae_shoals_c_island
Shoals:2: layout_shoals, nicolae_shoals_circle_sea_wall, nicolae_shop_vocational
Shoals:3: layout_shoals, serial_shops, nicolae_diamond_shop,
          ebering_ghost_rock_garden
Shoals:4: shoals_end_hellmonk_lost_city, uniq_louise
Snake:1:  gammafunk_its_a_trap, layout_chambers, uniq_nikola
Snake:2:  layout_onion_interference, nicolae_snake_gridmaze_entwining,
          eino_curves_03
Snake:3:  layout_misc_corridors, st_stairs_11,
          nicolae_snake_herptile_family_reunion, uniq_aizul
Snake:4:  grunt_snake_rune_serpentine_throne, layout_gridlike,
          hellmonk_ghost_happy_afterlife, serial_shops,
          nicolae_shop_behind_doors, nicolae_snake_springs
Slime:1:  cheibrodos_slime_lost_civilization_2, layout_caves
Slime:2:  layout_caves
Slime:3:  layout_caves
Slime:4:  layout_caves, nicolae_slime_welcoming_committee
Slime:5
Orc:1:    layout_caves
Orc:2:    st_orc_rangers, layout_diamond_mine, gauntlet_entry_generic,
          serial_shops, shop, uniq_jorgrun
Vaults:1: nicolae_vaults_network_s, nicolae_vaults_big_angled_halls, v_misc_30,
          hangedman_vaults_corner_blocks, nicolae_vaults_little_squares_3,
          v_misc_27, ontoclasm_vaults_fault, vaults_room_grid,
          vaults_mumra_chevron, v_misc_1, hangedman_vaults_corner, v_pattern_2,
          nicolae_vaults_little_squares_3, layout_vaults_chaotic_city,
          serial_hangedman_research, hangedman_research_pyrotechnics
Vaults:2: ebering_ghost_disaster_area, vaults_room_large_hall, v_rooms_3,
          hangedman_vaults_restitches, nicolae_vaults_puzzle_piece, v_misc_17,
          minmay_crypt_entry_simple_statues, vaults_mumra_hex,
          layout_vaults_omnibox, serial_shops, nicolae_shop_crystal, uniq_donald
Vaults:3: portal_desolation_entry_nicolae_slug, hangedman_vaults_capsules,
          v_misc_5, v_pattern_4, nicolae_vaults_alarming,
          nicolae_vaults_shelves_hall, ontoclasm_vaults_spin,
          vaults_mumra_bighexcomb, v_misc_1, vaults_room_door_ring, v_misc_8,
          hangedman_vaults_impose, layout_vaults_omnigrid
Vaults:4: nicolae_vaults_little_squares_6, hangedman_vaults_hard_town_square,
          grunt_vaults_trifunnel, nicolae_vaults_specimen_jars,
          vaults_mumra_hexcomb, nicolae_vaults_little_squares_3,
          vaults_standard_mumra_x, hangedman_vaults_pinch, vaults_room_pool,
          vaults_mumra_minichess, layout_vaults_omnicross, enter_trove_6,
          serial_shops, nicolae_shop_trees, uniq_margery
Vaults:5: uniq_xtahua, uniq_mara
Depths:1: layout_honeycomb, hellmouth_1, gammafunk_ghost_mausoleum,
          nicolae_titane, minmay_fire_ice_demons, uniq_enchantress
Depths:2: cheibrodos_birdhouse, layout_gridlike, rand_demon_pan_entry_9,
          hell_entry, serial_glass, glass_columns_b, glass_columns_c,
          hallowed_hall
Depths:3: minmay_four_inscribed_fans, layout_gridlike, abyss_entry_crystal,
          hell_entry, grunt_pan_entry_spiral, nicolae_xom_altar_mimics,
          minmay_staircase_windowed_large
Depths:4: grunt_x_marks_the_spot, layout_cave_shapes, enter_ziggurat_a,
          hangedman_decor_lopped, pf_coc_iceberg, serial_shops,
          bzr_entry_lakeside, nicolae_uskayaw_suspiria, serial_bayou_shore_a
Zot:1:    layout_misc_corridors
Zot:2:    layout_gridlike, lemuel_baited_zot_trap, nrook_zot_tub, uniq_vv
Zot:3:    layout_gridville, bh_zot_lava_cross, uniq_tiamat
Zot:4:    layout_misc_corridors, gammafunk_ghost_ooze
Zot:5:    layout_twisted_circle

Skill      XL: |  1  2  3  4  5  6  7  8  9 10 11 12 13 14 15 16 17 18 19 20 21 22 23 24 25 26 |
---------------+-------------------------------------------------------------------------------+-----
Fighting       | 4 5 6 7 8 10 11 13 14 16 17 18 19 21 22 23 24 25 26 27 | 27.0
Axes           | 5 6 7 9 11 12 14 15 16 17 18 19 20 21 22 23 24 25 27 | 27.0
Armour         | 1 2 4 6 8 10 11 13 14 15 16 18 19 20 21 22 23 24 25 | 25.7
Invocations    | 3 8 11 13 15 17 20 22 23 24 25 26 27 | 27.0
Shields        | 3 5 8 10 11 13 14 15 16 17 | 17.7
Dodging        | 4 7 |  7.5
Stealth        | |  1.5

Action                   |  1- 3 |  4- 6 |  7- 9 | 10-12 | 13-15 | 16-18 | 19-21 | 22-24 | 25-27 || total
-------------------------+-------+-------+-------+-------+-------+-------+-------+-------+-------++-------
Melee: Hand axe          |    94 |       |       |       |       |       |       |       |       ||    94
       Mace              |    12 |   132 |   693 |   681 |   691 |    22 |       |       |       ||  2231
       Punch             |       |     1 |     8 |     9 |       |       |       |       |       ||    18
       Broad axe         |       |       |       |       |   334 |   607 |  1273 |  1470 |  1059 ||  4743
Invok: Convert to Beogh  |       |       |     1 |       |       |       |       |       |       ||     1
       Recall Orcish Fol |       |       |       |    11 |     4 |     6 |     6 |    11 |    30 ||    68
       Give Item to Name |       |       |       |     2 |       |     1 |       |     2 |     3 ||     8
       Smiting           |       |       |       |       |    18 |     4 |     8 |    20 |    33 ||    83
       Stop Recall       |       |       |       |       |     1 |     1 |       |       |       ||     2
       Resurrection      |       |       |       |       |     1 |       |     1 |     1 |       ||     3
Evoke: Wand              |       |       |       |     5 |       |       |       |       |       ||     5
  Use: Potion            |     1 |     4 |     3 |       |     2 |     3 |    10 |       |     9 ||    32
       Scroll            |       |       |    13 |    11 |     8 |     4 |    18 |     7 |    15 ||    76
 Stab: Sleeping          |     3 |     2 |     2 |       |       |       |       |       |       ||     7
       Distracted        |       |       |     1 |     4 |     5 |     4 |    10 |    14 |     3 ||    41
       Confused          |       |       |       |     1 |       |     1 |       |       |       ||     2
       Fleeing           |       |       |       |       |       |     1 |       |       |       ||     1
       Paralysed         |       |       |       |       |       |       |       |     1 |       ||     1
Armor: Robe              |     3 |       |       |       |       |       |       |       |       ||     3
       Ring mail         |    20 |    88 |    97 |       |       |       |       |       |       ||   205
       Crystal plate arm |       |       |   775 |  1204 |  1138 |   418 |   520 |       |       ||  4055
       Gold dragon scale |       |       |       |       |       |       |   393 |   900 |   997 ||  2290
Dodge: Dodged            |    61 |    98 |   246 |   257 |   283 |   185 |   558 |   690 |   608 ||  2986
Block: Buckler           |       |       |       |    20 |   435 |       |       |       |       ||   455
       Kite shield       |       |       |       |       |    45 |   449 |   179 |  1179 |  1042 ||  2894
       Tower shield      |       |       |       |       |       |    51 |  1062 |       |       ||  1113

Table legend: (Time is in decaauts)
 A = Elapsed time spent in this place.
 B = Non-inter-level travel time spent in this place.
 C = Inter-level travel time spent in this place.
 D = Time resting spent in this place.
 E = Time spent auto-exploring this place.
 F = Levels seen in this place.
 G = Mean time per level.
                   A        B        C        D        E       F      G
               +--------+--------+--------+--------+--------+-----+--------+
         Total |  71547 |  67088 |   4459 |  16055 |  28501 |  58 | 1233.6 |
       Dungeon |  16918 |  15196 |   1722 |   2637 |   8115 |  15 | 1127.9 |
          Lair |   5531 |   5140 |    391 |     82 |   3224 |   5 | 1106.2 |
        Shoals |   5272 |   5151 |    121 |   1492 |   1518 |   4 | 1318.0 |
     Snake Pit |   7117 |   6803 |    314 |   2174 |   2690 |   4 | 1779.2 |
    Slime Pits |   4408 |   4122 |    286 |   1620 |   1571 |   5 |  881.6 |
  Orcish Mines |   1346 |   1309 |     37 |    454 |    528 |   2 |  673.0 |
        Vaults |  10228 |   9554 |    674 |   2439 |   4336 |   5 | 2045.6 |
        Depths |   8361 |   7690 |    671 |   2249 |   2499 |   4 | 2090.2 |
           Zot |   8175 |   7935 |    240 |   1954 |   2499 |   5 | 1635.0 |
         Abyss |    535 |    535 |      0 |     43 |    237 |   3 |  178.3 |
         Trove |     67 |     67 |      0 |      0 |      7 |   1 |   67.0 |
         Sewer |    308 |    308 |      0 |      0 |    114 |   1 |  308.0 |
        Bailey |    514 |    514 |      0 |     59 |    220 |   1 |  514.0 |
      Ice Cave |   1173 |   1173 |      0 |    317 |    422 |   1 | 1173.0 |
    Desolation |   1123 |   1123 |      0 |    532 |    352 |   1 | 1123.0 |
      Gauntlet |    463 |    463 |      0 |      0 |    167 |   1 |  463.0 |
               +--------+--------+--------+--------+--------+-----+--------+

Top non-repeatable levels by time:
Depths:1: 3086 daAuts
Vaults:4: 3023 daAuts
 Snake:4: 2779 daAuts
Depths:3: 2486 daAuts
Vaults:1: 2436 daAuts
   Zot:5: 2146 daAuts
Vaults:5: 1900 daAuts
     D:8: 1838 daAuts
   Zot:3: 1732 daAuts
     D:4: 1729 daAuts
Vaults:3: 1595 daAuts
    D:15: 1570 daAuts
 Slime:4: 1566 daAuts
   Zot:1: 1565 daAuts
  Lair:3: 1563 daAuts
